 Dungeon Crawl Stone Soup version 0.27-a0-385-g3208abaabc (webtiles) character file.

Game seed: 6910890810783420533

165 Fanghorn the Grave Robber (level 5, -2/35 HPs)
             Began as a Mummy Necromancer on Feb 19, 2021.
             Was a Follower of Vehumet.
             Slain by Grinder (9 damage)
             ... while paralysed by Grinder
             ... on level 3 of the Dungeon.
             The game lasted 00:19:15 (3192 turns).

Fanghorn the Grave Robber (Mummy Necromancer)       Turns: 3192, Time: 00:19:16

Health: -2/35      AC:  4    Str: 11    XL:     5   Next: 21%
Magic:  11/12      EV:  2    Int: 16    God:    Vehumet [*.....]
Gold:   184        SH:  0    Dex: 12    Spells: 5/14 levels left

rFire    x . .     SeeInvis .   j - +2 quarterstaff (chaos)
rCold    + . .     Faith    .   (shield currently unavailable)
rNeg     + + +     Spirit   .   a - +0 robe
rPois    ∞         Reflect  .   n - +0 helmet
rElec    .         Harm     .   i - +0 cloak
rCorr    .         Rampage  .   (no gloves)
Will     .....                  (no boots)
Stlth    ++........             (no amulet)
HPRegen  0.11/turn              (no ring)
MPRegen  0.13/turn              (no ring)

@: paralysed
A: no potions, fire vulnerability, cold resistance 1, negative energy resistance
3, torment resistance, unbreathing
a: Renounce Religion


You were on level 3 of the Dungeon.
You worshipped Vehumet.
Vehumet was aware of your devotion.
You visited 1 branch of the dungeon, and saw 3 of its levels.

You collected 184 gold pieces.

Inventory:

Hand Weapons
 b - a +0 whip
 f - a +0 spear
 g - a +0 trident
 j - a +2 quarterstaff of chaos (weapon)
 k - a +0 mace
Missiles
 l - 8 javelins
Armour
 a - a +0 robe (worn)
 i - a +0 cloak (worn)
 n - a +0 helmet (worn)
Jewellery
 o - an amulet of reflection
Scrolls
 c - a scroll of fog {unknown}
 d - 3 scrolls of identify
 e - a scroll of enchant weapon {unknown}
 h - a scroll of magic mapping
 m - a scroll of amnesia {unknown}


   Skills:
 + Level 1.6 Dodging
 + Level 1.5 Stealth
 * Level 5.0 Spellcasting
 * Level 5.4 Necromancy


You had 5 spell levels left.
You knew the following spells:

 Your Spells              Type           Power        Failure   Level
a - Pain                  Necr           84%          1%          1
b - Animate Dead          Necr           10%          16%         4
c - Vampiric Draining     Necr           10%          4%          3
d - Magic Dart            Conj           16%          16%         1

Your spell library contained the following spells:

 Spells                   Type           Power        Failure   Level
 Animate Skeleton         Necr           42%          1%          1
 Agony                    Necr           21%          41%         5


Dungeon Overview and Level Annotations

Branches:
Dungeon (3/15)

Altars:
Vehumet

Annotations:
D:3 Grinder


Innate Abilities, Weirdness & Mutations

You do not drink.
Your flesh is vulnerable to fire.
You are immune to poison.
Your flesh is cold resistant. (rC+)
You are immune to negative energy. (rN+++)
You are immune to unholy pain and torment.
You can survive without breathing.


Message History

The adder writhes in agony!
You kill the adder!
Vehumet accepts your kill.
You now have 184 gold pieces (gained 13).
There is an open door here.
Grinder comes into view.
Grinder shouts!
As you read the scroll labelled HECHIU PON WAN, it crumbles to dust.
You feel aware of your surroundings.
It was a scroll of magic mapping.
Grinder hits you!
Casting: Pain (safe; 1% risk of failure)
Confirm with . or Enter, or press ? or * to list all spells.
Aiming: Vampiric Draining (dangerous; 4% risk of failure)
Press: ? - help, Shift-Dir - straight line, f - Grinder
Aim: Grinder You can't drain life from that!
Casting: Vampiric Draining (dangerous; 4% risk of failure)
Confirm with . or Enter, or press ? or * to list all spells.
You can't see any susceptible monsters within range! (Use Z to cast anyway.) Unknown command.
Casting: Vampiric Draining (dangerous; 4% risk of failure)
Confirm with . or Enter, or press ? or * to list all spells.
You can't see any susceptible monsters within range! (Use Z to cast anyway.)
Casting: Vampiric Draining (dangerous; 4% risk of failure)
Confirm with . or Enter, or press ? or * to list all spells.
Aiming: Magic Dart (safe; 16% risk of failure)
Press: ? - help, Shift-Dir - straight line, f/p - Grinder
Aim: Grinder (0% to evade)
The magic dart hits Grinder.
Grinder is lightly wounded.
Grinder gestures at you.
You suddenly lose the ability to move!
Grinder hits you. Grinder gestures at you. You resist with some effort.
Grinder hits you. Grinder hits you!
* * * LOW HITPOINT WARNING * * *
Grinder hits you!
You die...

*,* ############ *,**##
'.........># *,,,.#
#......#.### #######.#
#......#.#########.(...#.#
#......#...............#.#
######.###....####....<#.#
#....# #.##.##########.#
###.#### #.#....@5.......#
....# ##.###############
.########....#
.#......'....#
.#.######....# .#.#
#....)# .#.#####.....#
.......#.#...#
..†###.#.###.#


You could see Grinder.

Vanquished Creatures
  Crazy Yiuf (D:3)
  6 adders
  An ooze (D:2)
  2 worms
  3 dart slugs
  A leopard gecko (D:2)
  3 orcs
  8 bats
  3 giant cockroaches
  7 goblins
  7 hobgoblins
  4 jackals (D:2)
  A quokka (D:2)
  2 frilled lizards
  6 kobolds
  4 rats
59 creatures vanquished.

Notes
Turn   | Place    | Note
-------+----------+-------------------------------------------
     0 | D:1      | Fanghorn the Mummy Necromancer began the quest for the Orb.
     0 | D:1      | Reached XP level 1. HP: 13/13 MP: 4/4
     2 | D:1      | Noticed a merfolk
     4 | D:1      | Noticed an elf
     4 | D:1      | Noticed a vine stalker
     6 | D:1      | Noticed a ghoul
     6 | D:1      | Noticed a felid
     8 | D:1      | Noticed an ogre
    10 | D:1      | Noticed a draconian
    10 | D:1      | Noticed a demonspawn
    12 | D:1      | Noticed a gargoyle
    12 | D:1      | Noticed a vampire
    14 | D:1      | Noticed a troll
    18 | D:1      | Noticed a spriggan
    18 | D:1      | Noticed an octopode
    20 | D:1      | Noticed a demigod
    20 | D:1      | Noticed a formicid
    22 | D:1      | Noticed a halfling
    22 | D:1      | Noticed a dwarf
    24 | D:1      | Noticed a minotaur
    24 | D:1      | Noticed a human
    26 | D:1      | Noticed a centaur
    26 | D:1      | Noticed a tengu
    28 | D:1      | Noticed a naga
   307 | D:1      | Reached XP level 2. HP: 19/19 MP: 2/5
  1167 | D:2      | Found a radiant altar of Vehumet.
  1270 | D:2      | Became a worshipper of Vehumet
  1314 | D:2      | Reached XP level 3. HP: 24/24 MP: 2/8
  1757 | D:2      | Reached XP level 4. HP: 30/30 MP: 0/10
  1762 | D:2      | Learned a level 4 spell: Animate Dead
  1766 | D:2      | Learned a level 3 spell: Vampiric Draining
  2054 | D:2      | You fall into a shaft and drop 1 floor!
  2231 | D:3      | Found a runed translucent door.
  2232 | D:3      | Noticed Crazy Yiuf
  2245 | D:3      | Killed Crazy Yiuf
  2246 | D:3      | Reached skill level 5 in Necromancy
  2602 | D:3      | Reached * piety under Vehumet
  2602 | D:3      | Offered knowledge of Magic Dart by Vehumet.
  2605 | D:3      | Learned a level 1 spell: Magic Dart
  2643 | D:3      | Reached XP level 5. HP: 35/35 MP: 10/12
  2702 | D:3      | Reached skill level 5 in Spellcasting
  3178 | D:3      | Noticed Grinder
  3187 | D:3      | Paralysed by Grinder for 7 turns
  3192 | D:3      | Slain by Grinder

Illustrated notes

Levels and vault maps discovered:
D:1:      kb_arrival_jail, layout_loops_ring
D:2:      layout_basic, vehumet_crystals, chequers_ecumenical_altar_twisty
D:3:      layout_basic, kennysheep_pointless_box, minmay_bisected,
          uniq_crazy_yiuf_cottage, uniq_grinder

Skill      XL: |  1  2  3  4  5 |
---------------+----------------+-----
Spellcasting   | 3 4 5 |  5.0
Necromancy     | 5 |  5.4
Dodging        | |  1.6
Stealth        | |  1.5

Action                   |  1- 3 |  4- 6 || total
-------------------------+-------+-------++-------
Melee: Whip              |     3 |     3 ||     6
       Quarterstaff      |       |    10 ||    10
 Cast: Pain              |    74 |    58 ||   132
       Vampiric Draining |       |     3 ||     3
       Magic Dart        |       |     9 ||     9
  Use: Scroll            |       |     2 ||     2
Armor: Robe              |     3 |     3 ||     6
Dodge: Dodged            |     9 |    15 ||    24

Table legend: (Time is in decaauts)
 A = Elapsed time spent in this place.
 B = Non-inter-level travel time spent in this place.
 C = Inter-level travel time spent in this place.
 D = Time resting spent in this place.
 E = Time spent auto-exploring this place.
 F = Levels seen in this place.
 G = Mean time per level.
                   A        B        C        D        E       F      G
               +--------+--------+--------+--------+--------+-----+--------+
         Total |   3194 |   3121 |     73 |    200 |   2342 |   3 | 1064.7 |
       Dungeon |   3194 |   3121 |     73 |    200 |   2342 |   3 | 1064.7 |
               +--------+--------+--------+--------+--------+-----+--------+

Top non-repeatable levels by time:
     D:3: 1140 daAuts
     D:1: 1118 daAuts
     D:2: 935 daAuts
